 Dungeon Crawl Stone Soup version 0.21.1-1-g345015f (webtiles) character file.

76862 wilfster70 the Severer (level 15, -14/133 HPs)
             Began as a Hill Orc Fighter on June 14, 2018.
             Was the Champion of Beogh.
             Demolished by a white ugly thing (31 damage)
             ... on level 14 of the Dungeon.
             The game lasted 01:46:24 (22795 turns).

wilfster70 the Severer (Hill Orc Fighter)          Turns: 22795, Time: 01:46:25

Health: -14/133    AC: 25    Str: 26    XL:     15   Next: 54%
Magic:  22/22      EV: 16    Int: 14    God:    Beogh [******]
Gold:   442        SH: 20    Dex: 16    Spells: 6/21 levels left

rFire    + . .     SeeInvis .   w - +0 flail (holy)
rCold    . . .     Gourm    .   Y - +2 shield
rNeg     . . .     Faith    .   x - +4 scale mail "Wojoanah" {Slay+3}
rPois    +         Spirit   .   U - +2 helmet {Int+3}
rElec    .         Reflect  +   h - +2 cloak
rCorr    .         Harm     .   B - +2 pair of gloves
MR       +....                  M - +2 pair of boots
Stlth    ..........             y - +3 amulet of reflection
HPRegen  0.32/turn              c - ring "Biorch" {rPois rF+ Int+3 Dex+6}
MPRegen  0.18/turn              S - ring of wizardry

@: no status effects
A: walk on water, talons 1, high mp 1, robust 1
a: Smiting, Recall Orcish Followers, Give Item to Named Follower, Resurrection,
Renounce Religion


You were on level 14 of the Dungeon.
You worshipped Beogh.
Beogh was exalted by your worship.
You were hungry.

You visited 3 branches of the dungeon, and saw 22 of its levels.
You also visited: Labyrinth.

You collected 2607 gold pieces.
You spent 2165 gold pieces at shops.

Inventory:

Hand Weapons
 a - a +0 broad axe of flaming
 b - a +0 blowgun
 w - a +0 flail of holy wrath (weapon)
 O - the +7 lajatang of Order {silver, rMut}
   (You found it on level 1 of the Orcish Mines)

   It protects you from mutation.
 T - a +3 war axe
 X - a +2 war axe of electrocution
 Z - the +12 broad axe "Akiypur" {chaos, rElec rF- Dex+4}
   (You found it on level 6 of the Lair of Beasts)

   Each time it hits an enemy it has a different, random effect.
   It affects your dexterity (+4).
   It makes you vulnerable to fire.
   It insulates you from electricity.
Missiles
 g - 98 poisoned needles
 C - 5 curare-tipped needles
Armour
 h - a +2 cloak (worn)
 x - the +4 scale mail "Wojoanah" (worn) {Slay+3}
   (You found it on level 6 of the Dungeon)

   It affects your accuracy and damage with ranged weapons and melee attacks
   (+3).
 B - a +2 pair of gloves (worn)
 M - a +2 pair of boots (worn)
 U - a +2 helmet of intelligence (worn)
 Y - a +2 shield (worn)
Jewellery
 c - the ring "Biorch" (left hand) {rPois rF+ Int+3 Dex+6}
   (You bought it in a shop on level 2 of the Orcish Mines)

   [ring of dexterity]

   It affects your intelligence (+3).
   It affects your dexterity (+6).
   It protects you from fire.
   It protects you from poison.
 i - an uncursed ring of protection from magic
 j - an uncursed ring of resist corrosion
 y - a +3 amulet of reflection (around neck)
 F - an uncursed ring of protection from cold
 S - a ring of wizardry (right hand)
Wands
 q - a wand of iceblast (16)
 s - a wand of digging (28)
 E - a wand of acid (21)
 G - a wand of clouds (4)
 L - a wand of polymorph (48)
 N - a wand of enslavement (36)
 P - a wand of disintegration (20)
 Q - a wand of paralysis (43)
Scrolls
 n - 9 scrolls of teleportation
 p - 3 scrolls of fog
 r - a scroll of blinking
 z - 8 scrolls of identify
 D - 2 scrolls of fear
 J - a scroll of silence
Potions
 d - 4 potions of brilliance
 e - 3 potions of haste
 k - 13 potions of curing
 v - 5 potions of mutation
 H - 2 potions of heal wounds
 I - a potion of resistance
 V - 2 potions of might
Miscellaneous
 W - a box of beasts
Comestibles
 f - 34 rations


   Skills:
 - Level 8.0 Fighting
 + Level 17.8 Axes
 + Level 8.5 Armour
 * Level 8.4 Dodging
 - Level 15.0 Shields
 - Level 3.8 Spellcasting
 - Level 6.4 Conjurations
 - Level 10.0 Fire Magic
 - Level 5.0 Invocations


You had 6 spell levels left.
You knew the following spells:

 Your Spells              Type           Power        Failure   Level  Hunger
a - Sticky Flame          Conj/Fire      ####....     6%          4    ####...
b - Fireball              Conj/Fire      ####......   16%         5    ######.
c - Summon Butterflies    Summ           #.......     16%         1    None
d - Summon Mana Viper     Hex/Summ       #.......     98%         5    ######.


Dungeon Overview and Level Annotations

Branches:
Dungeon (14/15)            Temple (0/1) D:7            Lair (6/6) D:9
  Swamp (0/4) Lair:3        Snake (0/4) Lair:4        Slime (0/5) Lair:5
    Orc (2/2) D:9             Elf (0/3) Orc:2        Vaults (0/5) D:14

Altars:
Cheibriados
Fedhas
Gozag
Kikubaaqudgha
Okawaru
Ru
Trog
Vehumet
Zin

Shops:
Orc:1 :   Orc:2 *(==

Annotations:
D:3 nicolaieve's ghost, amateur MiBe
Lair:5 exclusion: oklob plant
Lair:6 exclusion: 3 oklob plants


Innate Abilities, Weirdness & Mutations

You can walk on water.
You have sharp toenails.
You have an increased reservoir of magic. (+10% MP)
You are robust. (+10% HP)


Message History

The tengu warrior is lightly wounded.
The white ugly thing tentacle-slaps you but does no damage.
You block the death drake's attack. The tengu warrior barely misses you.
The tengu warrior completely misses you. x2
The white ugly thing tentacle-slaps you!
The white ugly thing freezes you!!
* * * LOW HITPOINT WARNING * * *
You are feeling hungry.
You thump the tengu warrior!
The tengu warrior is lightly wounded.
Your orc knight closely misses the kobold.
You block the death drake's attack.
The white ugly thing tentacle-slaps you but does no damage.
A tengu warrior comes into view. It is wielding a bardiche.
You closely miss the tengu warrior.
The tengu warrior is lightly wounded.
The white ugly thing tentacle-slaps you.
* * * LOW HITPOINT WARNING * * *
The white ugly thing freezes you!!
You die...

....# ### uu..###
#.. ...... #.#
....# ##<#
...#### .Q.
K......
#u##K.(#.##
#.#####Q#kF((....
#......o@uuK.#.##
#######o#ua....#
#o#K#......
#o#o####.##
#o.oo....#
#######(.......
#.ooo....######
#o######.# #.# .#


You could see a death drake, 4 ugly things, 2 tengu warriors, a soldier ant, a
big kobold, a bullfrog, 3 kobolds, the friendly Morguth the orc warlord, 3
friendly orc knights, 2 friendly orc warriors, a friendly orc wizard (invisible)
and a friendly orc.

Vanquished Creatures
  Rupert (D:14)
  Gastronok (Lair:1)
  The ghost of diana the Carver, an adept VSFi of Ru (Lair:2)
  4 dire elephants (Lair:6)
  Erolcha (D:11)
  A minotaur (Lab)
  Harold (D:11)
  4 hydras
  Erica (D:8)
  An anaconda (Lair:6)
  9 two-headed ogres
  The ghost of inc the Cleaver, a novice DsMo of Qazlal (D:11)
  4 skeletal warriors (D:9)
  A deep troll (Orc:2)
  2 unseen horrors
  An orc knight (Orc:1)
  A wizard (D:14)
  Pikel (D:7)
  A necromancer (D:14)
  An oklob plant (Lair:4)
  3 cyclopes
  2 ugly things
  Joseph (D:8)
  2 centaur skeletons
  Psyche (D:9)
  2 black mambas
  2 elephants (Lair:6)
  2 centaur zombies
  A rime drake (Lair:3)
  A spiny frog (Lair:4)
  2 ice devils (Orc:2)
  5 komodo dragons
  6 trolls
  A hornet (D:12)
  Grinder (D:3)
  6 hippogriffs
  3 slime creatures
  8 blink frogs
  2 wyverns
  12 humans (D:14)
  2 wraiths
  5 basilisks
  29 yaks
  A hungry ghost (D:10)
  2 nagas (Lair:4)
  2 vampire mosquitoes (Lair:3)
  2 wargs (Orc:1)
  5 swamp worms (Lair:2)
  8 water moccasins
  2 acid dragons (D:14)
  2 porcupines (Lair:1)
  4 sky beasts
  4 ice beasts
  A black bear (D:8)
  4 orc warriors
  A slave (D:7)
  3 phantoms
  An eye of draining (D:11)
  24 ogres
  10 wolves
  2 necrophages
  5 centaurs
  A big kobold (D:13)
  6 crocodiles
  7 bullfrogs
  2 water moccasin skeletons
  2 wyvern skeletons
  2 scorpions
  6 killer bees
  An electric eel (D:10)
  5 howler monkeys
  2 crimson imps
  A bullfrog zombie (D:12)
  8 hounds
  14 jellies
  5 orc priests
  Crazy Yiuf (D:2)
  10 orc wizards
  Jessica (D:3)
  6 iguanas
  10 worker ants
  A hound zombie (D:9)
  2 hound skeletons (D:5)
  Robin (D:3)
  A howler monkey zombie (D:6)
  4 gnolls (D:2)
  5 adders
  A river rat (D:5)
  4 shadow imps
  3 adder skeletons
  12 worms
  2 dart slugs
  A leopard gecko (D:6)
  46 orcs
  5 giant cockroaches
  24 goblins
  5 hobgoblins
  4 jackals
  7 kobolds
  5 quokkas
  5 ball pythons
  9 bats
  2 frilled lizards
  A leopard gecko skeleton (D:7)
  6 rats
  A fungus (D:2)
  6 plants
473 creatures vanquished.

Vanquished Creatures (collateral kills)
  An orc warlord (Orc:1)
  2 dire elephants (Lair:6)
  Josephine (Lair:4)
  The ghost of sking99 the Basher, a journeyman GrFi of Okawaru (Lair:3)
  Snorg (Lair:4)
  2 ogre magi (Orc:2)
  5 hydras
  2 vault guards (D:14)
  6 two-headed ogres
  A centaur warrior (D:14)
  Sonja (Lair:2)
  A wizard (D:14)
  A deep troll (Orc:2)
  2 orc knights
  An oklob plant (Lair:4)
  2 elephants (Lair:6)
  2 centaur skeletons
  2 spiny frogs (Lair:5)
  A komodo dragon (Lair:6)
  7 trolls
  4 slime creatures
  4 blink frogs
  3 hippogriffs
  A meliai zombie (D:13)
  6 yaks
  3 wraiths (Lair:4)
  2 vampires
  Grum (Lair:1)
  8 humans (D:14)
  2 vampire mosquitoes (Lair:3)
  A warg (Orc:1)
  2 swamp worms (Lair:2)
  A naga (Lair:4)
  5 water moccasins
  2 porcupines
  5 orc warriors
  5 wolves
  4 crocodiles
  12 ogres
  4 bullfrogs
  A crimson imp (D:13)
  3 jellies (Lair:5)
  3 orc priests
  A worm (Lair:2)
  5 orcs
  2 kobolds
  2 fungi
  7 plants
141 creatures vanquished.

Vanquished Creatures (others)
  An orc warlord (Orc:1)
  An orc knight (Orc:1)
  A centaur warrior (D:13)
  A slave (D:7)
  8 orc warriors
  5 orc priests
  5 orc wizards
  32 orcs
  A kobold (D:13)
  10 fungi
  8 plants
73 creatures vanquished.

Grand Total: 687 creatures vanquished

Notes
Turn   | Place    | Note
-------+----------+-------------------------------------------
     0 | D:1      | wilfster70 the Hill Orc Fighter began the quest for the Orb.
     0 | D:1      | Reached XP level 1. HP: 19/19 MP: 1/1
   156 | D:1      | Reached skill level 3 in Axes
   305 | D:1      | Reached XP level 2. HP: 26/27 MP: 2/2
  1015 | D:1      | Reached XP level 3. HP: 24/33 MP: 3/3
  1029 | D:1      | Gained mutation: You are robust. (+10% HP) [potion of mutation]
  1029 | D:1      | Gained mutation: You have an increased reservoir of magic. (+10% MP) [potion of mutation]
  1029 | D:1      | Gained mutation: You have sharp toenails. [potion of mutation]
  1030 | D:1      | Reached skill level 4 in Axes
  1042 | D:1      | HP: 1/36 [poisoned by an adder]
  1435 | D:2      | Reached XP level 4. HP: 44/44 MP: 4/4
  2341 | D:2      | Found a runed door.
  2345 | D:2      | Noticed Crazy Yiuf
  2352 | D:2      | Killed Crazy Yiuf
  2352 | D:2      | Reached skill level 5 in Axes
  2650 | D:3      | Noticed Grinder
  2662 | D:3      | Killed Grinder
  2662 | D:3      | Reached skill level 5 in Fighting
  2662 | D:3      | Reached skill level 6 in Axes
  2662 | D:3      | Reached XP level 5. HP: 52/52 MP: 5/5
  2662 | D:3      | Reached XP level 6. HP: 61/61 MP: 6/6
  2797 | D:3      | Noticed Robin
  2808 | D:3      | Killed Robin
  2808 | D:3      | Reached skill level 7 in Axes
  3245 | D:3      | Found an iron altar of Okawaru.
  3248 | D:3      | Noticed Jessica
  3255 | D:3      | Killed Jessica
  3316 | D:3      | Noticed nicolaieve's ghost (amateur MiBe)
  3416 | D:4      | Reached XP level 7. HP: 64/68 MP: 7/7
  3430 | D:4      | Reached skill level 8 in Axes
  4265 | D:4      | Became a worshipper of Beogh the Brigand
  4382 | D:5      | Entered Level 5 of the Dungeon
  4391 | D:5      | Reached skill level 9 in Axes
  4602 | D:5      | Reached XP level 8. HP: 59/80 MP: 6/8
  4645 | D:5      | Reached skill level 10 in Axes
  4947 | D:5      | Reached * piety under Beogh
  5038 | D:5      | Found a radiant altar of Vehumet.
  5085 | D:5      | Found a bloodstained altar of Trog.
  5490 | D:5      | Reached skill level 11 in Axes
  5768 | D:6      | Got a faintly humming scale mail
  5779 | D:6      | Identified the +4 scale mail "Wojoanah" {Slay+3} (You found it on level 6 of the Dungeon)
  5836 | D:6      | Reached skill level 1 in Invocations
  5907 | D:6      | Learned a level 4 spell: Sticky Flame
  6430 | D:6      | Reached XP level 9. HP: 89/89 MP: 10/12
  6575 | D:7      | Reached skill level 12 in Axes
  6587 | D:7      | Found an ancient bone altar of Kikubaaqudgha.
  6685 | D:7      | Noticed Pikel
  6709 | D:7      | Killed Pikel
  6879 | D:7      | Reached ** piety under Beogh
  6925 | D:7      | Found a blossoming altar of Fedhas.
  6925 | D:7      | Found a faded altar of an unknown god.
  6932 | D:7      | Found a faded altar of an unknown god.
  6934 | D:7      | Found a sacrificial altar of Ru.
  6935 | D:7      | Found a snail-covered altar of Cheibriados.
  6978 | D:7      | Reached skill level 5 in Invocations
  6995 | D:7      | Found a staircase to the Ecumenical Temple.
  7002 | D:7      | Reached skill level 13 in Axes
  7072 | D:7      | Found an iron altar of Okawaru.
  7132 | D:7      | Found a blossoming altar of Fedhas.
  7503 | D:8      | Noticed Joseph
  7515 | D:8      | Killed Joseph
  7515 | D:8      | Reached skill level 5 in Shields
  7584 | D:8      | Noticed a two-headed ogre
  7602 | D:8      | Killed a two-headed ogre
  7602 | D:8      | Reached skill level 14 in Axes
  7602 | D:8      | Reached XP level 10. HP: 76/96 MP: 12/15
  7847 | D:8      | Noticed Erica
  7885 | D:8      | Killed Erica
  7885 | D:8      | Reached skill level 15 in Axes
  8339 | D:8      | Reached skill level 1 in Fire Magic
  8727 | D:9      | Found a staircase to the Orcish Mines.
  8773 | D:9      | Noticed a skeletal warrior
  8774 | D:9      | Noticed a skeletal warrior
  8774 | D:9      | Noticed a skeletal warrior
  8818 | D:9      | Killed a skeletal warrior
  8818 | D:9      | Reached skill level 16 in Axes
  8818 | D:9      | Reached XP level 11. HP: 32/103 MP: 5/16
  8836 | D:9      | Killed a skeletal warrior
  8850 | D:9      | Killed a skeletal warrior
  9153 | D:9      | Noticed a skeletal warrior
  9154 | D:9      | Noticed a two-headed ogre
  9167 | D:9      | Killed a skeletal warrior
  9167 | D:9      | Reached skill level 5 in Fire Magic
  9174 | D:9      | Killed a two-headed ogre
  9207 | D:9      | Noticed Psyche
  9220 | D:9      | Killed Psyche
  9538 | D:9      | Found an opulent altar of Gozag.
  9555 | D:9      | Found a glowing silver altar of Zin.
  9572 | D:9      | Found a staircase to the Lair.
  9877 | D:10     | Entered Level 10 of the Dungeon
  9887 | D:10     | Noticed a two-headed ogre
  9902 | D:9      | Killed a two-headed ogre
 10173 | D:10     | Reached skill level 1 in Conjurations
 10309 | D:10     | Noticed a two-headed ogre
 10327 | D:10     | Killed a two-headed ogre
 10327 | D:10     | Reached skill level 10 in Shields
 10327 | D:10     | Reached skill level 1 in Spellcasting
 10565 | D:10     | Killed an unseen horror
 10648 | D:11     | Reached XP level 12. HP: 98/111 MP: 15/17
 10689 | D:11     | Noticed Erolcha
 10698 | D:11     | Killed Erolcha
 10845 | D:11     | Noticed Harold
 10855 | D:11     | Noticed inc's ghost (novice DsMo)
 10855 | D:11     | Killed Harold
 10855 | D:11     | Reached *** piety under Beogh
 10906 | D:11     | Killed inc's ghost
 11100 | D:11     | Noticed a two-headed ogre
 11108 | D:11     | Killed a two-headed ogre
 11529 | Lair:1   | Entered Level 1 of the Lair of Beasts
 11538 | Lair:1   | Found a labyrinth entrance.
 11548 | Lab      | Entered a labyrinth
 11753 | Lab      | Noticed a minotaur
 11762 | Lab      | Killed a minotaur
 11771 | Lab      | Identified Fomeoh's Disquisition on Displacement
 11773 | Lab      | Got an ichor-stained great mace
 11773 | Lab      | Got a pitted rapier
 11773 | Lab      | Got a steaming scale mail
 11797 | Lair:1   | Identified the +3 scale mail of Beauty {Dex+4} (You found it in a labyrinth)
 11950 | Lair:1   | Noticed Grum
 11961 | Lair:1   | Gained Morguth as an ally
 11963 | Lair:1   | Killed Grum
 11981 | Lair:1   | Reached skill level 5 in Conjurations
 12022 | Lair:1   | Noticed a seven-headed hydra
 12028 | Lair:1   | Killed a seven-headed hydra
 12102 | Lair:1   | Noticed a five-headed hydra
 12110 | Lair:1   | Killed a five-headed hydra
 12159 | Lair:1   | Reached **** piety under Beogh
 12274 | Lair:1   | Noticed Gastronok
 12286 | Lair:1   | Killed Gastronok
 12286 | Lair:1   | Reached XP level 13. HP: 110/117 MP: 18/20
 12564 | Lair:1   | Identified the cursed +0 great mace "Titigur" {pain, Int+4} (You found it in a labyrinth)
 12566 | Lair:1   | Identified the +7 rapier of Kanoak {holy, Str+7} (You found it in a labyrinth)
 12909 | Lair:2   | Noticed diana's ghost (adept VSFi)
 12946 | Lair:2   | Killed diana's ghost
 13340 | Lair:2   | Got a jewelled shortbow
 13354 | Lair:2   | Identified the cursed +0 shortbow "Gyburis" {speed, +Inv rF+ rC+ Str-3} (You found it on level 2 of the Lair of Beasts)
 13576 | Lair:2   | Noticed Sonja
 13584 | Lair:2   | Killed Sonja
 13584 | Lair:2   | Reached skill level 10 in Fire Magic
 14559 | Lair:3   | Noticed sking99's ghost (journeyman GrFi)
 14580 | Lair:3   | Killed sking99's ghost
 14592 | Lair:3   | Found a staircase to the Swamp.
 15252 | Lair:4   | Learned a level 5 spell: Fireball
 15437 | Lair:4   | You fall through a shaft for 2 floors!
 15437 | Lair:6   | Entered Level 6 of the Lair of Beasts
 16073 | Lair:6   | Noticed a dire elephant
 16090 | Lair:6   | Killed a dire elephant
 16214 | Lair:6   | Noticed a dire elephant
 16214 | Lair:6   | Noticed a dire elephant
 16232 | Lair:6   | Killed a dire elephant
 16235 | Lair:6   | Killed a dire elephant
 16235 | Lair:6   | Reached skill level 15 in Shields
 16436 | Lair:6   | Got a crude broad axe
 16447 | Lair:6   | Identified the +12 broad axe "Akiypur" {chaos, rElec rF- Dex+4} (You found it on level 6 of the Lair of Beasts)
 16489 | Lair:6   | Learned a level 1 spell: Summon Butterflies
 16495 | Lair:6   | Learned a level 5 spell: Summon Mana Viper
 16519 | Lair:6   | Noticed a dire elephant
 16529 | Lair:6   | Reached XP level 14. HP: 93/126 MP: 16/21
 16529 | Lair:6   | Reached skill level 1 in Dodging
 16531 | Lair:6   | Noticed a dire elephant
 16537 | Lair:6   | Killed a dire elephant
 16551 | Lair:6   | Killed a dire elephant
 16651 | Lair:6   | Noticed a dire elephant
 16675 | Lair:6   | Killed a dire elephant
 17185 | Lair:5   | Reached ***** piety under Beogh
 17217 | Lair:5   | Found a staircase to the Slime Pits.
 17651 | Lair:4   | Reached skill level 5 in Armour
 17919 | Lair:4   | Found a staircase to the Snake Pit.
 17919 | Lair:4   | Noticed Josephine
 17941 | Lair:4   | Killed Josephine
 18207 | Lair:4   | Noticed Snorg
 18216 | Lair:4   | Killed Snorg
 18551 | Orc:1    | Entered Level 1 of the Orcish Mines
 18583 | Orc:2    | Entered Level 2 of the Orcish Mines
 18617 | Orc:2    | Reached skill level 5 in Dodging
 18642 | Orc:2    | Reached skill level 17 in Axes
 18650 | Orc:2    | Gained Hilgar as an ally
 18662 | Orc:2    | HP: 2/126 [ogre/giant club (8)]
 18973 | Orc:2    | Found Xaecor's Assorted Antiques.
 19200 | Orc:1    | Found Ukodor's Book Emporium.
 19478 | Orc:1    | Noticed an orc warlord
 19481 | Orc:1    | Noticed an orc warlord
 19490 | Orc:1    | Reached XP level 15. HP: 75/133 MP: 12/22
 19502 | Orc:1    | Your ally Hilgar died
 19509 | Orc:1    | Killed an orc warlord
 19888 | Orc:1    | Found the +7 lajatang of Order {silver, rMut}
 20069 | Orc:2    | Found a staircase to the Elven Halls.
 20226 | Orc:2    | Found Payz's Antique Weapon Shoppe.
 20231 | Orc:2    | Found Catsuxt's Jewellery Shoppe.
 20322 | Orc:2    | Found Xamauhi's Jewellery Emporium.
 20327 | Orc:2    | Bought a scroll of enchant weapon for 240 gold pieces
 20327 | Orc:2    | Bought a runed shield for 240 gold pieces
 20374 | Orc:2    | Bought a brightly glowing spear for 304 gold pieces
 20374 | Orc:2    | Identified the +3 spear "Karoydd" {pierce, *Contam +Fly rPois Int-2} (You bought it in a shop on level 2 of the Orcish Mines)
 20381 | Orc:2    | Bought the ring "Biorch" {rPois rF+ Int+3 Dex+6} for 1162 gold pieces
 20381 | Orc:2    | Bought a +3 amulet of reflection for 219 gold pieces
 21250 | D:13     | Reached ****** piety under Beogh
 22233 | D:14     | Found a gate to the Vaults.
 22466 | D:14     | Noticed Rupert
 22480 | D:14     | Killed Rupert
 22795 | D:14     | Demolished by a white ugly thing

Skill      XL: |  1  2  3  4  5  6  7  8  9 10 11 12 13 14 15 |
---------------+----------------------------------------------+-----
Axes           | 3 4 6 7 9 11 14 16 17 | 17.8
Fighting       | 4 5 7 8 |  8.0
Shields        | 4 5 7 10 11 15 | 15.0
Invocations    | 2 5 |  5.0
Fire Magic     | 3 7 9 10 | 10.0
Conjurations   | 2 5 6 |  6.4
Spellcasting   | 1 3 |  3.8
Dodging        | 6 8 |  8.4
Armour         | 7 8 |  8.5

Action                   |  1- 3 |  4- 6 |  7- 9 | 10-12 | 13-15 || total
-------------------------+-------+-------+-------+-------+-------++-------
Melee: War axe           |    87 |   114 |   270 |   526 |   531 ||  1528
       Kick              |     2 |    35 |    74 |     3 |       ||   114
       Flail             |       |       |       |    15 |   100 ||   115
       Broad axe         |       |       |       |       |   149 ||   149
 Fire: Hunting sling     |       |     6 |       |       |       ||     6
Invok: Convert to Beogh  |       |       |     1 |       |       ||     1
       Smiting           |       |       |     4 |     6 |     7 ||    17
       Recall Orcish Fol |       |       |       |       |     6 ||     6
       Give Item to Name |       |       |       |       |     1 ||     1
  Use: Potion            |     2 |       |       |     4 |     3 ||     9
       Scroll            |       |     7 |    10 |     6 |    23 ||    46
 Stab: Distracted        |       |       |       |       |     6 ||     6
       Confused          |       |       |       |       |     1 ||     1
       Paralysed         |       |       |       |       |     1 ||     1
  Eat: Chunk             |     1 |     7 |    10 |    17 |    16 ||    51
       Ration            |       |       |     1 |       |     5 ||     6
Armor: Scale mail        |    49 |    10 |    38 |   175 |   283 ||   555
       Chain mail        |       |    46 |    87 |       |       ||   133
Dodge: Dodged            |    26 |    20 |    58 |    97 |   200 ||   401
Block: Shield            |    58 |    49 |   128 |   207 |   572 ||  1014
       Reflection        |       |       |       |       |    13 ||    13
